 Dungeon Sprint DCSS version 0.28-a0-1235-g7c8fac35f0 (webtiles) character file.

Game seed: 2660767509348394776

8582 mhtbhm the Phalangite (level 11, -4/106 HPs)
             Began as a Merfolk Berserker on Dec 24, 2021.
             Was a High Priest of Trog.
             Slain by a dire elephant (6 damage)
             ... in the Dungeon (Sprint IX: "|||||||||||||||||||||||||||||").
             The game lasted 00:02:48 (1957 turns).

mhtbhm the Phalangite (Merfolk Berserker)           Turns: 1957, Time: 00:02:48

Health: -4/106     AC: 10    Str: 25    XL:     11   Next: 33%
Magic:  11/11      EV: 16    Int: 10    God:    Trog [*****.]
Gold:   11         SH:  0    Dex: 13    Spells: 10/10 levels left

rFire   . . .      SeeInvis .   s - +5 halberd (flame)
rCold   . . .      Faith    .   (shield currently unavailable)
rNeg    . . .      Spirit   .   b - +2 ring mail
rPois   .          Reflect  .   (no helmet)
rElec   .          Harm     .   (no cloak)
rCorr   .          Rampage  .   (no gloves)
Will    .....      NoTele   +   k - +0 pair of boots
Stlth   +.........              (no amulet)
HPRegen 0.27/turn               l - +3 ring of strength
MPRegen 0.12/turn               m - +3 ring of intelligence

@: no status effects
A: (nimble swimmer 2), mertail
a: Renounce Religion, Berserk, Trog's Hand, Brothers in Arms


You were in the Dungeon.
You worshipped Trog.
Trog was extremely pleased with you.
You visited 1 branch You collected 11 gold pieces.

Inventory:

Hand Weapons
 a - a +4 bardiche of flaming
 s - a +5 halberd of flaming (weapon)
Armour
 b - a +2 ring mail (worn)
 k - a +0 pair of boots (worn)
Jewellery
 l - a +3 ring of strength (left hand)
 m - a +3 ring of intelligence (right hand)
Wands
 r - a wand of acid (9)
Scrolls
 h - 2 scrolls of blinking
 o - a scroll of identify
 p - 6 scrolls of enchant weapon
 q - a scroll of fear
Potions
 c - 6 potions of curing
 d - 7 potions of heal wounds
 e - 3 potions of haste
 f - 4 potions of magic
 g - a potion of berserk rage
 i - a potion of invisibility
 n - a potion of might


   Skills:
 + Level 16.8 Fighting
 + Level 23.0 Polearms
 + Level 9.9 Armour
 + Level 12.2 Dodging
 - Level 1.1 Stealth
 + Level 0.7 Evocations


You had 10 spell levels left.
You didn't know any spells.
Your spell library was empty.

Dungeon Overview and Level Annotations

Branches:
Dungeon (1/1)

Altars:
Cheibriados
Dithmenos
Elyvilon
Fedhas
Gozag
Hepliaklqana
Kikubaaqudgha
Makhleb
Nemelex Xobeh
Okawaru
Qazlal
Ru
Sif Muna
Trog
Uskayaw
Vehumet
Wu Jian
Xom
Yredelemnul
Zin
The Shining One
Beogh
Jiyva
Lugonu


Innate Abilities, Weirdness & Mutations

((You are very nimble when in or above water. (Stealth+, EV+, Speed+++)))
Your lower body shifts to a powerful aquatic tail in water.


Message History

You start resting.
An elephant is nearby!
An elephant is nearby!
The elephant trumpets!
There is an open door, spattered with blood here.
You see here an elephant corpse.
You impale the elephant!! You burn the elephant.
The elephant is moderately wounded.
The elephant barely misses you. The elephant misses you.
You slice the elephant like a ripe choko!!!
You burn the elephant.
You kill the elephant!
Trog accepts your kill. Trog grants you a weapon!
Something appears at your feet!
You see here a +1 vorpal short sword.
Your Polearms skill increases to level 23!
You see here a +1 vorpal short sword.
You start resting.
A dire elephant is nearby!
A dire elephant is nearby!
The dire elephant trumpets!
The elephant trumpets!
You hit the dire elephant but do no damage.
The dire elephant tramples you!!
You stumble backwards!
You slash the dire elephant! You burn the dire elephant.
The dire elephant is lightly wounded.
You hit the dire elephant. You burn the dire elephant.
The dire elephant is lightly wounded.
The dire elephant tramples you!!
* * * LOW HITPOINT WARNING * * *
You stumble backwards!
You slash the dire elephant! You burn the dire elephant.
The dire elephant is moderately wounded.
The dire elephant closely misses you. The dire elephant trunk-slaps you.
* * * LOW HITPOINT WARNING * * *
You hit the dire elephant. You burn the dire elephant.
The dire elephant is moderately wounded.
The dire elephant completely misses you.
The dire elephant trunk-slaps you.
You die...

▓▓▓▓▓▓▓▓▓▓▓▓▓▓▓▓▓▓▓▓▓▓▓▓▓▓▓▓▓▓▓▓▓
_______________________'.))..[[..
▓▓▓▓▓▓▓▓▓▓▓▓▓▓▓▓▓▓▓▓▓▓▓▓▓▓▓▓▓▓▓▓▓
.................................
▓▓▓▓▓▓▓▓▓▓▓▓▓▓▓▓▓▓▓▓▓▓▓▓▓▓▓▓▓▓▓▓▓
..÷'........)†.)@YY....'...Y..Y
▓▓▓▓▓▓▓▓▓▓▓▓▓▓▓▓▓▓▓▓▓▓▓▓▓▓▓▓▓▓▓


You could see a dire elephant and an elephant.

Vanquished Creatures
  A dire elephant (D)
  2 hydras (D)
  A centaur warrior (D)
  A lindwurm (D)
  A cyclops (D)
  4 elephants (D)
  A black mamba (D)
  A torpor snail (D)
  4 komodo dragons (D)
  A troll (D)
  A blink frog (D)
  A wyvern (D)
  2 steam dragons (D)
  A vampire mosquito (D)
  An ogre (D)
  2 centaurs (D)
  7 bullfrogs (D)
  A jelly (D)
  An orc priest (D)
  2 orc wizards (D)
  An adder zombie (D)
  A dart slug (D)
  A goblin (D)
  2 hobgoblins (D)
  A jackal (D)
  A frilled lizard (D)
43 creatures vanquished.

Vanquished Creatures (collateral kills)
  A cyclops (D)
  A troll (D)
2 creatures vanquished.

Grand Total: 45 creatures vanquished

Notes
Turn   | Place    | Note
-------+----------+-------------------------------------------
     0 | D        | mhtbhm the Merfolk Berserker began the quest for the Orb.
     0 | D        | Reached XP level 1. HP: 18/18 MP: 1/1
     8 | D        | Reached skill level 5 in Polearms
     9 | D        | Reached ** piety under Trog
   132 | D        | Noticed a jelly
   132 | D        | Noticed an orc priest
   132 | D        | Noticed an ogre
   137 | D        | Killed a jelly
   138 | D        | Reached skill level 5 in Fighting
   138 | D        | Reached skill level 7 in Polearms
   138 | D        | Reached XP level 2. HP: 27/27 MP: 2/2
   138 | D        | Reached XP level 3. HP: 33/33 MP: 3/3
   140 | D        | Reached *** piety under Trog
   149 | D        | Reached skill level 8 in Polearms
   149 | D        | Reached XP level 4. HP: 40/40 MP: 4/4
   151 | D        | Killed an ogre
   152 | D        | Reached skill level 11 in Polearms
   152 | D        | Reached skill level 1 in Stealth
   152 | D        | Reached XP level 5. HP: 48/48 MP: 5/5
   158 | D        | Found a snail-covered altar of Cheibriados.
   158 | D        | Found a shadowy altar of Dithmenos.
   158 | D        | Found a white marble altar of Elyvilon.
   158 | D        | Found a blossoming altar of Fedhas.
   158 | D        | Found an opulent altar of Gozag.
   159 | D        | Found a hazy altar of Hepliaklqana.
   160 | D        | Found a viscous altar of Jiyva.
   161 | D        | Found an ancient bone altar of Kikubaaqudgha.
   162 | D        | Found a corrupted altar of Lugonu.
   163 | D        | Found a burning altar of Makhleb.
   164 | D        | Found a sparkling altar of Nemelex Xobeh.
   165 | D        | Found an iron altar of Okawaru.
   166 | D        | Found a stormy altar of Qazlal.
   167 | D        | Found a sacrificial altar of Ru.
   168 | D        | Found a shimmering blue altar of Sif Muna.
   169 | D        | Found a bloodstained altar of Trog.
   170 | D        | Found a hide-covered altar of Uskayaw.
   171 | D        | Found a radiant altar of Vehumet.
   172 | D        | Found an ornate altar of the Wu Jian Council.
   173 | D        | Found a shimmering altar of Xom.
   174 | D        | Found a basalt altar of Yredelemnul.
   175 | D        | Found a glowing silver altar of Zin.
   180 | D        | Found a glowing golden altar of the Shining One.
   197 | D        | Got the +2 halberd "Memoiryi" {protect, Will+}
   227 | D        | Noticed a steam dragon
   227 | D        | Noticed a steam dragon
   227 | D        | Noticed a centaur
   227 | D        | Noticed a troll
   233 | D        | Killed a steam dragon
   233 | D        | Reached **** piety under Trog
   234 | D        | Reached skill level 13 in Polearms
   234 | D        | Reached skill level 5 in Dodging
   234 | D        | Reached XP level 6. HP: 56/57 MP: 6/6
   236 | D        | Killed a steam dragon
   237 | D        | Reached skill level 14 in Polearms
   238 | D        | Reached XP level 7. HP: 61/65 MP: 7/7
   249 | D        | Reached ***** piety under Trog
   250 | D        | Reached skill level 10 in Fighting
   250 | D        | Reached skill level 15 in Polearms
   252 | D        | Killed a troll
   253 | D        | Reached skill level 16 in Polearms
   504 | D        | Noticed a vampire mosquito
   504 | D        | Noticed a centaur warrior
   504 | D        | Noticed a cyclops
   504 | D        | Noticed a troll
   504 | D        | Noticed a cyclops
   509 | D        | Killed a vampire mosquito
   510 | D        | Reached XP level 8. HP: 75/75 MP: 8/8
   515 | D        | Killed a centaur warrior
   516 | D        | Reached skill level 18 in Polearms
   516 | D        | Reached skill level 5 in Armour
   520 | D        | Killed a cyclops
   521 | D        | Reached XP level 9. HP: 59/84 MP: 9/9
   525 | D        | Killed a troll
   526 | D        | Reached skill level 19 in Polearms
   528 | D        | Killed a cyclops
   533 | D        | Reached skill level 20 in Polearms
   870 | D        | Noticed a komodo dragon
   870 | D        | Noticed an eight-headed hydra
   870 | D        | Noticed a komodo dragon
   874 | D        | Killed a komodo dragon
   879 | D        | Killed a 12-headed hydra
   880 | D        | Reached XP level 10. HP: 65/94 MP: 10/10
   881 | D        | Received a gift from Trog
   882 | D        | Reached skill level 21 in Polearms
   884 | D        | Noticed a black mamba
   897 | D        | Reached skill level 10 in Dodging
  1141 | D        | Killed a black mamba
  1162 | D        | Noticed a seven-headed hydra
  1162 | D        | Noticed a lindwurm
  1171 | D        | Killed a 15-headed hydra
  1172 | D        | Reached skill level 15 in Fighting
  1175 | D        | Killed a lindwurm
  1175 | D        | Received a gift from Trog
  1176 | D        | Reached skill level 22 in Polearms
  1447 | D        | Noticed a torpor snail
  1461 | D        | Killed a torpor snail
  1462 | D        | Reached XP level 11. HP: 65/104 MP: 11/11
  1624 | D        | Noticed a dire elephant
  1624 | D        | Noticed a dire elephant
  1904 | D        | Killed a dire elephant
  1929 | D        | Received a gift from Trog
  1930 | D        | Reached skill level 23 in Polearms
  1956 | D        | HP: 1/106 [dire elephant (6)]
  1957 | D        | Slain by a dire elephant

Illustrated notes

Levels and vault maps discovered:
D:        linesprint [early_d, line_temple, items_1, d_10, items_2, lair_1,
          lair_end, items_3, orc_1, orc_end, items_4, d_15, swamp_1, shoals_1,
          snake_1, spider_1, d_20, vaults_1, items_5, swamp_end, shoals_end,
          snake_end, spider_end, vaults_end, d_27, items_6, zot_1, zot_end,
          crypt_end, forest_end, elf_end, slime_end, tomb_end, abyss_end,
          pan_hell_end]

Skill      XL: |  1  2  3  4  5  6  7  8  9 10 11 |
---------------+----------------------------------+-----
Polearms       | 7 8 11 13 14 16 18 20 22 23 | 23.0
Dodging        | 3 4 5 6 7 8 9 11 12 | 12.2
Fighting       | 5 6 7 8 9 11 12 14 15 16 | 16.8
Armour         | 2 3 4 5 7 9 |  9.9
Stealth        | 1 |  1.1
Evocations     | |  0.7

Action                   |  1- 3 |  4- 6 |  7- 9 | 10-12 || total
-------------------------+-------+-------+-------+-------++-------
Melee: Spear             |    22 |     3 |       |       ||    25
       Halberd           |       |     9 |    40 |    88 ||   137
Invok: Berserk           |     2 |     1 |     2 |     2 ||     7
       Brothers in Arms  |       |       |     2 |       ||     2
Evoke: Wand              |       |       |       |     1 ||     1
Armor: Ring mail         |       |     4 |    15 |    22 ||    41
Dodge: Dodged            |     3 |       |    28 |    57 ||    88

Table legend: (Time is in decaauts)
 A = Elapsed time spent in this place.
 B = Non-inter-level travel time spent in this place.
 C = Inter-level travel time spent in this place.
 D = Time resting spent in this place.
 E = Time spent auto-exploring this place.
 F = Levels seen in this place.
 G = Mean time per level.
                   A        B        C        D        E       F      G
               +--------+--------+--------+--------+--------+-----+--------+
         Total |   1961 |   1961 |      0 |   1449 |    193 |   1 | 1961.0 |
       Dungeon |   1961 |   1961 |      0 |   1449 |    193 |   1 | 1961.0 |
               +--------+--------+--------+--------+--------+-----+--------+

Top non-repeatable levels by time:
       D: 1961 daAuts
